 Dungeon Crawl Stone Soup version 0.30.1-1-g62c8e00024 (webtiles) character file.

Game seed: 2426369786392770711

20944 Almogavar the Severer (level 12, -14/111 HPs)
             Began as a Hill Orc Fighter on July 13, 2023.
             Was the Champion of Okawaru.
             Demolished by a death knight
             ... wielding a +0 battleaxe
              (25 damage)
             ... on level 12 of the Dungeon on July 17, 2023.
             The game lasted 00:38:25 (11006 turns).

Almogavar the Severer (Hill Orc Fighter)           Turns: 11006, Time: 00:38:25

Health: -14/111    AC: 16    Str: 37    XL:     12   Next: 84%
Magic:  10/12      EV: 15    Int:  8    God:    Okawaru [******]
Gold:   801        SH:  7    Dex: 14    Spells: 11/11 levels left

rFire   . . .        x - +11 broad axe "Geleoph" {vamp, rPois}
rCold   . . .        c - +0 buckler
rNeg    . . .        b - +0 scale mail
rPois   +            w - +1 helmet
rElec   .            a - +0 cloak of the Robin {Str+7}
rCorr   .            (no gloves)
SInv    .            N - +0 pair of boots
Will    +....        y - amulet "Tujaxua" {Acrobat +Blink rPois Dex+4}
Stlth   ++           p - +6 ring of strength
HPRegen 0.38/turn    A - ring of willpower
MPRegen 0.13/turn

%: acrobat
@: mighty, heroic
A: no striking features
a: Renounce Religion, Evoke Blink, Heroism, Finesse, Duel


You were on level 12 of the Dungeon.
You worshipped Okawaru.
Okawaru was exalted by your worship.
You visited 2 branches of the dungeon, and saw 13 of its levels.
You also visited: Sewer.

You collected 801 gold pieces.

Inventory:

Hand Weapons
 x - the +11 broad axe "Geleoph" (weapon) {vamp, rPois}
   (You acquired it on level 8 of the Dungeon)

   rPois:     It protects you from poison.
 B - a +3 war axe of flaming
Armour
 a - the +0 cloak of the Robin (worn) {Str+7}
   (You acquired it on level 8 of the Dungeon)

   Str:       It affects your strength (+7).
 b - a +0 scale mail (worn)
 c - a +0 buckler (worn)
 s - a +0 ring mail of fire resistance
 w - a +1 helmet (worn)
 F - a +2 chain mail of poison resistance
 N - a +0 pair of boots (worn)
Jewellery
 n - an amulet of magic regeneration
 p - a +6 ring of strength (left hand)
 q - a ring of flight
 y - the amulet "Tujaxua" (around neck) {Acrobat +Blink rPois Dex+4}
   (You found it on level 5 of the Dungeon)

   [amulet of the acrobat]

   It increases your evasion while moving and waiting.
   Dex:       It affects your dexterity (+4).
   rPois:     It protects you from poison.
   +Blink:    It lets you blink.
 z - a ring of ice
 A - a ring of willpower (right hand)
 D - the amulet of Wikheom {Faith Str+3}
   (You acquired it on level 8 of the Dungeon)

   [amulet of faith]

   It allows you to gain divine favour quickly.
   Str:       It affects your strength (+3).
Wands
 I - a wand of roots (2)
 J - a wand of flame (10)
 K - a wand of mindburst (10)
 L - a wand of digging (6)
 M - a wand of polymorph (5)
Scrolls
 e - 4 scrolls of enchant weapon
 i - 6 scrolls of teleportation
 j - 2 scrolls of blinking
 k - 6 scrolls of fog
 l - 2 scrolls of fear
 o - 3 scrolls of amnesia
 u - 2 scrolls of magic mapping
 v - a scroll of silence
 O - a scroll of enchant armour {unknown}
Potions
 d - 3 potions of might
 g - 2 potions of magic
 h - 3 potions of berserk rage
 m - 4 potions of lignification
 r - 2 potions of brilliance {unknown}
 t - 7 potions of curing {unknown}
 C - a potion of invisibility {unknown}
 E - a potion of mutation {unknown}
 G - 2 potions of flight {unknown}
 H - 3 potions of haste {unknown}


   Skills:
 + Level 11.6(16.6) Fighting
 + Level 18.2(23.2) Axes
 + Level 10.8(15.8) Armour
 + Level 3.8(8.8) Dodging
 + Level 2.7(7.7) Stealth
 + Level 7.3(12.3) Shields
 + Level 0.4 Invocations


You had 11 spell levels left.
You didn't know any spells.
Your spell library contained the following spells:

 Spells                   Type           Power      Damage    Failure   Level
 Beastly Appendage        Tmut           0%         N/A       56%         1
 Foxfire                  Conj/Fire      0%         2x1d4     56%         1
 Sting                    Tmut/Pois      0%         1d3       56%         1
 Ensorcelled Hibernation  Hex/Ice        0%         N/A       71%         2
 Passwall                 Tmut/Erth      0%         N/A       71%         2
 Poisonous Vapours        Pois/Air       0%         N/A       71%         2
 Wereblood                Tmut           0%         N/A       71%         2
 Gell's Gravitas          Tloc           0%         N/A       91%         3
 Ignite Poison            Fire/Tmut/Pois 0%         N/A       91%         3
 Mephitic Cloud           Conj/Pois/Air  0%         N/A       91%         3
 Spider Form              Tmut/Pois      0%         N/A       91%         3
 Swiftness                Air            0%         N/A       91%         3
 Teleport Other           Tloc           0%         N/A       91%         3
 Anguish                  Hex/Necr       0%         N/A       100%        4
 Cause Fear               Hex            0%         N/A       100%        4
 Iskenderun's Mystic Bla  Conj/Tloc      0%         2d3       100%        4
 Olgreb's Toxic Radiance  Pois           0%         N/A       100%        4
 Sticky Flame             Conj/Fire      0%         2d3       100%        4
 Fireball                 Conj/Fire      0%         3d3       100%        5
 Yara's Violent Unravell  Hex/Tmut       0%         3d3       100%        5
 Dispersal                Tloc           0%         N/A       100%        6
 Enfeeble                 Hex            0%         N/A       100%        7
 Fire Storm               Conj/Fire      0%         5d1       100%        9
 Summon Ice Beast         Ice/Summ       Unusable   N/A       N/A         4

Dungeon Overview and Level Annotations

Branches:
Dungeon (12/15)            Temple (1/1) D:5            Lair (0/5) D:11
  Sewer (visited)
    Orc: D:9-12

Altars:
Dithmenos
Hepliaklqana
Kikubaaqudgha
Makhleb
Okawaru
Qazlal
Trog

Shops:
D:3 [(*   D:11 (

Annotations:
D:12 1 transporter


Message History

Okawaru is honoured by your kill.
You gain the combat prowess of a mighty hero.
The death knight barely misses you.
The skeletal warrior hits you with a +0 flail.
* * * LOW HITPOINT WARNING * * *
Hoesters's ghost hits you but does no damage.
You slice hoesters's ghost!!
Hoesters's ghost is almost destroyed.
You slash the death knight!
You feel better.
You completely miss the death knight simulacrum.
You slash the skeletal warrior!
The death knight offers itself to Yredelemnul, and fills with unholy energy.
You block the skeletal warrior's attack.
You block hoesters's ghost's attack.
The death knight simulacrum closely misses you.
You slice hoesters's ghost!!
You destroy hoesters's ghost!
Okawaru is honoured by your kill. Okawaru grants you a weapon!
Something appears at your feet!
You see here a +5 war axe of freezing.
You slash the death knight! You slice the death knight simulacrum!!
You slash the skeletal warrior!
You destroy the skeletal warrior!
Okawaru is honoured by your kill.
The death knight reflects your damage back at you!
* * * LOW HITPOINT WARNING * * *
The death knight completely misses you.
The death knight simulacrum barely misses you.
Your base Axes skill increases to level 18!
You hit the death knight.
You feel better.
The death knight is almost dead.
You chop the death knight simulacrum into pieces!!!
The death knight simulacrum vaporises!
You hit the centaur warrior zombie.
The death knight reflects your damage back at you!
* * * LOW HITPOINT WARNING * * *
The centaur warrior zombie hits you but does no damage.
The centaur warrior zombie kicks you but does no damage.
The death knight hits you with a +0 battleaxe!!
You die...

##..##....................#####..
##........#############..^#...#.#
##........#©..........#...#...#.#
##........#..........z#...#...#.#
########..#.p###.###..#...#.###..
.#######..#..#8#.#8#..#..##.#....
.#.....#..#)..........#..#..#....
.#.....#.©#?...)p☼....#©....#.###
.#.....#..#)....@Z....#..#..'(...
.#.....#..#..#8#.#8#..#..'.##....
.#.....#..#..###.###..#..###.....
.#.....#..#...........#..# #...##
##.....'..#..)........#..# #.....
.......#..#############..# #.....
########.................# #.....
#.....##.................# ###...
#.###.###############.##.# #.##


You could see a death knight (reflects damage) and a centaur warrior zombie.

Vanquished Creatures
  The ghost of hoesters the Arsonist, a journeyman DsFE of Vehumet (D:12)
  Fannar (D:10)
  A death knight (D:12)
  3 two-headed ogres (D:12)
  2 boulder beetles
  A tengu warrior (D:12)
  A skeletal warrior (D:12)
  A flayed ghost (D:12)
  A necromancer (D:12)
  An ugly thing (D:12)
  A rust devil (D:10)
  A manticore (D:12)
  3 cyclopes
  A spectral centaur (D:12)
  A gargoyle (D:8)
  2 unseen horrors (D:12)
  A tengu conjurer (D:12)
  3 trolls
  Prince Ribbit (D:8)
  6 slime creatures (D:12)
  A wyvern (D:9)
  Sigmund (D:6)
  A vampire (D:10)
  15 yaks
  2 wraiths
  Grum (D:8)
  4 vampire mosquitoes
  2 wargs (D:11)
  Menkaure (D:6)
  2 water moccasins (D:8)
  Duvessa (D:6)
  Pargi (Sewer)
  3 orc warriors
  A sky beast (D:8)
  A black bear (D:6)
  2 wolves (D:8)
  3 boggarts (D:11)
  A centaur (D:10)
  2 phantoms (D:5)
  4 kobold brigands
  4 scorpions
  Dowan (D:6)
  19 wights
  30 killer bees
  2 hounds
  A jelly (D:6)
  4 orc priests
  An iguana (D:4)
  Jessica (D:2)
  Terence (D:3)
  3 orc wizards
  8 adders
  9 gnolls
  A shadow imp (D:6)
  A white imp (D:8)
  3 worms
  A dart slug (D:4)
  32 orcs
  6 ball pythons
  8 endoplasms
  8 goblins
  9 hobgoblins
  2 jackals (D:5)
  4 quokkas
  9 bats
  3 frilled lizards
  23 kobolds
  2 rats
278 creatures vanquished.

Vanquished Creatures (others)
  A boggart (D:11)
1 creature vanquished.

Grand Total: 279 creatures vanquished

Notes
Turn   | Place    | Note
-------+----------+-------------------------------------------
     0 | D:1      | Almogavar the Hill Orc Fighter began the quest for the Orb.
     0 | D:1      | Reached XP level 1. HP: 19/19 MP: 1/1
   209 | D:1      | Reached XP level 2. HP: 22/27 MP: 2/2
   325 | D:1      | Reached skill level 3 in Axes
   589 | D:1      | Found a faded altar of an unknown god.
   837 | D:2      | Reached XP level 3. HP: 32/33 MP: 3/3
   978 | D:2      | Found a hazy altar of Hepliaklqana.
  1116 | D:2      | Noticed Jessica
  1118 | D:2      | Killed Jessica
  1119 | D:2      | Reached skill level 4 in Axes
  1119 | D:2      | Reached XP level 4. HP: 40/40 MP: 4/4
  1378 | D:2      | Got Vophuwk's Meditations on Contaminated Position
  1839 | D:3      | Found Cif Guoch's General Store.
  2013 | D:3      | Found Taesaig's Antique Weapon Emporium.
  2084 | D:3      | Noticed Terence
  2099 | D:3      | Killed Terence
  2100 | D:3      | Reached XP level 5. HP: 5/47 MP: 5/5
  2289 | D:3      | Found a hazy altar of Hepliaklqana.
  2373 | D:3      | Found Yffab Pohe's Antique Armour Shop.
  2594 | D:4      | Reached skill level 5 in Axes
  2655 | D:4      | Reached skill level 1 in Dodging
  2675 | D:4      | Found a glowing drain.
  2694 | Sewer    | Entered a sewer
  2741 | Sewer    | Noticed Pargi
  2748 | Sewer    | Killed Pargi
  2749 | Sewer    | Reached XP level 6. HP: 50/53 MP: 6/6
  2976 | D:4      | Reached skill level 6 in Axes
  3303 | D:4      | Reached XP level 7. HP: 49/60 MP: 7/7
  3474 | D:5      | Entered Level 5 of the Dungeon
  3657 | D:5      | Identified the amulet "Tujaxua" {Acrobat +Blink rPois
                  | Dex+4}
  3684 | D:5      | Reached skill level 5 in Fighting
  3684 | D:5      | Reached skill level 7 in Axes
  3684 | D:5      | Reached skill level 5 in Armour
  3769 | D:5      | Found a staircase to the Ecumenical Temple.
  3781 | Temple   | Entered the Ecumenical Temple
  3806 | Temple   | Became a worshipper of Warmaster Okawaru
  4217 | D:6      | Noticed Sigmund
  4271 | D:5      | Reached skill level 8 in Axes
  4382 | D:5      | Reached XP level 8. HP: 52/68 MP: 8/8
  4512 | D:6      | Killed Sigmund
  4512 | D:6      | Reached * piety under Okawaru
  4534 | D:6      | Reached skill level 9 in Axes
  4693 | D:6      | Got the Vellum of Spicy Glaciation
  5025 | D:6      | Noticed Menkaure
  5033 | D:6      | Killed Menkaure
  5158 | D:6      | Noticed Dowan
  5158 | D:6      | Noticed Duvessa
  5166 | D:6      | Killed Dowan
  5173 | D:6      | Killed Duvessa
  5174 | D:6      | Reached skill level 10 in Axes
  5376 | D:6      | Reached XP level 9. HP: 75/75 MP: 9/9
  5907 | D:7      | Reached skill level 5 in Shields
  6022 | D:7      | Got the Omnibus of Blasts and Beguiling
  6124 | D:7      | Reached ** piety under Okawaru
  6538 | D:7      | Reached skill level 11 in Axes
  6743 | D:8      | Noticed Prince Ribbit
  6748 | D:8      | Killed Prince Ribbit
  6838 | D:8      | Noticed Grum
  6856 | D:8      | Killed Grum
  6861 | D:8      | Reached skill level 12 in Axes
  6978 | D:8      | Found an ancient bone altar of Kikubaaqudgha.
  7003 | D:8      | Reached XP level 10. HP: 86/86 MP: 10/10
  7008 | D:8      | Reached *** piety under Okawaru
  7015 | D:8      | Noticed a gargoyle
  7023 | D:8      | Killed a gargoyle
  7024 | D:8      | Reached skill level 1 in Stealth
  7343 | D:8      | Reached skill level 13 in Axes
  7404 | D:8      | Reached **** piety under Okawaru
  7560 | D:8      | Identified 3 scrolls of acquirement
  7563 | D:8      | Acquired the +0 cloak of the Robin {Str+7}
  7580 | D:8      | Acquired the +11 broad axe "Geleoph" {vamp, rPois}
  7585 | D:8      | Acquired the amulet of Wikheom {Faith Str+3}
  7639 | D:9      | You fall into a shaft and drop 1 floor!
  7639 | D:10     | Entered Level 10 of the Dungeon
  7670 | D:10     | Found a burning altar of Makhleb.
  7670 | D:10     | Noticed a rust devil
  7715 | D:10     | Upgraded the game from 0.30.1 to 0.30.1-1-g62c8e00024
  8111 | D:10     | Noticed Fannar
  8120 | D:10     | Killed Fannar
  8121 | D:10     | Reached skill level 14 in Axes
  8209 | D:10     | Reached ***** piety under Okawaru
  8210 | D:10     | Reached XP level 11. HP: 95/95 MP: 11/11
  8538 | D:11     | Noticed a cyclops
  8552 | D:11     | Killed a cyclops
  8651 | D:11     | Noticed a cyclops
  8655 | D:11     | Reached skill level 15 in Axes
  8853 | D:11     | Found Gurinuav's Antique Weapon Shoppe.
  8881 | D:11     | Noticed a cyclops
  8886 | D:11     | Killed a cyclops
  9015 | D:11     | Noticed a boulder beetle
  9023 | D:11     | Killed a boulder beetle
  9023 | D:11     | Reached ****** piety under Okawaru
  9056 | D:11     | Found a staircase to the Lair.
  9057 | D:11     | Identified the +6 sling of Gohuful {flame, rElec rF- rCorr
                  | MP+9}
  9062 | D:11     | Received a gift from Okawaru
  9121 | D:11     | Reached skill level 16 in Axes
  9126 | D:11     | Reached skill level 10 in Fighting
  9940 | D:12     | Found a transporter.
  9942 | D:12     | Noticed a death knight
  9942 | D:12     | Noticed a necromancer
  9942 | D:12     | Noticed a death knight
  9942 | D:12     | Noticed a flayed ghost
  9944 | D:12     | Noticed hoesters's ghost (journeyman DsFE)
  9947 | D:12     | Noticed a cyclops
  9948 | D:12     | Noticed a two-headed ogre
  9955 | D:12     | Killed a cyclops
 10053 | D:12     | Noticed a two-headed ogre
 10057 | D:12     | Killed a two-headed ogre
 10061 | D:12     | Killed a two-headed ogre
 10062 | D:12     | Reached XP level 12. HP: 107/107 MP: 12/12
 10096 | D:12     | Reached skill level 10 in Armour
 10119 | D:12     | Reached skill level 17 in Axes
 10141 | D:12     | Found a transporter.
 10150 | D:12     | Noticed a two-headed ogre
 10156 | D:12     | Killed a two-headed ogre
 10227 | D:12     | Noticed a tengu warrior
 10241 | D:12     | Killed a tengu warrior
 10636 | D:12     | Identified the +1 leather armour of the Glimmering Gods
                  | {Str+5}
 10637 | D:12     | Noticed a boulder beetle
 10660 | D:12     | Killed a boulder beetle
 10660 | D:12     | Received a gift from Okawaru
 10994 | D:12     | Killed a death knight
 10999 | D:12     | HP: 2/110 [skeletal warrior/+0 flail (15)]
 11005 | D:12     | Killed hoesters's ghost
 11005 | D:12     | Received a gift from Okawaru
 11006 | D:12     | Reached skill level 18 in Axes
 11006 | D:12     | Demolished by a death knight

Illustrated notes

Levels and vault maps discovered:
D:1:      lightli_arrival_quake, layout_loops_cross,
          shapermc_ecumenical_altar_mp_highgroup, hangedman_feature_mirror
D:2:      layout_basic, basic_altar, minmay_between, uniq_jessica
D:3:      layout_rooms, mainiacjoe_overflow_chevrons, serial_shops,
          nicolae_diamond_shop, shop, shop, uniq_terence
D:4:      layout_rooms, cheibrodos_sewer_entry_bend, minmay_starry_boxes
D:5:      layout_basic, temple_green, minmay_statues_item
D:6:      layout_layer_cave, uniq_sigmund, uniq_menkaure, uniq_duvessa
D:7:      layout_rooms
D:8:      layout_rooms, nicolae_overflow_crystal_walls, st_stairs_4,
          hangedman_abyss_or_decor_passed, uniq_prince_ribbit1, uniq_grum
D:9:      layout_stronghold, vehumet_altar_wand_db,
          gammafunk_temple_overflow_statue, orc_0_dummy,
          chequers_guarded_unrand_ignorance
D:10:     layout_irregular_city, demons_altar, uniq_fannar
D:11:     layout_loops_ring, erik_lair_orcish_takeover, serial_shops, shop
D:12:     layout_stronghold, gammafunk_ghost_mausoleum
Temple:   nicolae_temple_slightly_damp_pantheon

Skill      XL: |  1  2  3  4  5  6  7  8  9 10 11 12 |
---------------+-------------------------------------+-----
Axes           | 3 4 5 6 8 10 12 14 16 18 | 18.2
Fighting       | 4 5 6 7 8 10 11 | 11.6
Dodging        | 1 2 3 |  3.8
Armour         | 4 5 7 8 9 10 | 10.8
Shields        | 4 5 6 7 |  7.3
Stealth        | 1 2 |  2.7
Invocations    | |  0.4

Action                     |  1- 3 |  4- 6 |  7- 9 | 10-12 || total
---------------------------+-------+-------+-------+-------++-------
  Melee: War axe           |    83 |   145 |   261 |    73 ||   562
         Broad axe         |       |       |       |   254 ||   254
 Invoke: Heroism           |       |       |       |     2 ||     2
    Use: Scroll            |     1 |     6 |     8 |     9 ||    24
         Potion            |       |     3 |     2 |     3 ||     8
   Stab: Distracted        |       |       |       |     2 ||     2
 Armour: Scale mail        |    36 |    68 |    82 |   116 ||   302
  Dodge: Dodged            |    31 |    63 |   125 |   167 ||   386
  Block: Buckler           |    20 |    43 |    56 |    83 ||   202
